 Dungeon Crawl Stone Soup version 0.30.0-15-g856e2d3f33 (webtiles) character file.

Game seed: 2905180083961377708

695 ragingrage the Slicer (level 7, -3/33 (35) HPs)
             Began as a Spriggan Delver on May 19, 2023.
             Was an Initiate of Hepliaklqana.
             Slain by a wight
             ... wielding a +1 halberd of freezing
              (16 damage)
             ... on level 6 of the Dungeon.
             The game lasted 00:11:09 (6770 turns).

ragingrage the Slicer (Spriggan Delver)             Turns: 6770, Time: 00:11:10

HP:   -3/33 (35)    AC:  2    Str:  8    XL:     7   Next: 37%
MP:   0/8           EV: 19    Int: 11    God:    Hepliaklqana [......]
Gold: 244           SH:  0    Dex: 22    Spells: 6/6 levels left

rFire   . . .        a - +10 mace of Jiud {drain, Dex+3}
rCold   . . .        (no shield)
rNeg    + . .        m - +0 robe
rPois   .            (helmet restricted)
rElec   .            (no cloak)
rCorr   .            (gloves unavailable)
SInv    +            (boots unavailable)
Will    ++...        s - amulet of guardian spirit
Stlth   ++++         k - ring of positive energy
HPRegen 0.25/turn    t - ring of willpower
MPRegen 0.11/turn

%: guardian spirit
@: drained, very quick
A: very small, no large weapons, unfitting armour, see invisible, speed 3
a: Renounce Religion


You were on level 6 of the Dungeon.
You worshipped Hepliaklqana.
Hepliaklqana was noncommittal.
You visited 2 branches of the dungeon, and saw 7 of its levels.
You also visited: Sewer.

You collected 244 gold pieces.

Inventory:

Hand Weapons
 a - the +10 mace of Jiud (weapon) {drain, Dex+3}
   (You found it on level 5 of the Dungeon)

   Dex:       It affects your dexterity (+3).
 b - a +0 short sword of venom
 e - a +0 long sword
Missiles
 h - 5 atropa-tipped darts (quivered)
 v - 10 boomerangs
 G - 6 poisoned darts
Armour
 m - a +0 robe (worn)
Jewellery
 k - a ring of positive energy (left hand)
 s - an amulet of guardian spirit (around neck)
 t - a ring of willpower (right hand)
 y - a ring of positive energy
 B - an amulet of reflection
Wands
 g - a wand of digging (3)
Scrolls
 c - 4 scrolls of fog
 d - 3 scrolls of magic mapping
 i - 3 scrolls of poison {unknown}
 n - a scroll of butterflies {unknown}
 p - a scroll of immolation {unknown}
 r - 5 scrolls of blinking {unknown}
 u - 3 scrolls of amnesia {unknown}
 x - 4 scrolls of identify {unknown}
 D - a scroll of enchant weapon {unknown}
 E - a scroll of teleportation {unknown}
 F - 2 scrolls of enchant armour {unknown}
Potions
 f - 5 potions of haste
 j - 3 potions of might {unknown}
 l - 5 potions of curing
 o - 4 potions of resistance {unknown}
 q - 2 potions of degeneration {unknown}
 w - a potion of brilliance {unknown}
 z - a potion of cancellation {unknown}
 A - a potion of invisibility {unknown}
 C - a potion of berserk rage {unknown}
 H - 2 potions of flight


   Skills:
 - Level 2.4 Fighting
 + Level 9.0 Short Blades
 + Level 3.6 Dodging
 - Level 7.2 Stealth


You had 6 spell levels left.
You didn't know any spells.
Your spell library contained the following spells:

 Spells                   Type           Power      Damage    Failure   Level
 Foxfire                  Conj/Fire      0%         2x1d4     34%         1
 Inner Flame              Hex/Fire       0%         N/A       71%         3
 Anguish                  Hex/Necr       0%         N/A       98%         4
 Cause Fear               Hex            0%         N/A       98%         4
 Flame Wave               Conj/Fire      0%         2d4       98%         4
 Enfeeble                 Hex            0%         N/A       100%        7
 Malign Gateway           Summ/Tloc      0%         N/A       100%        7
 Summon Horrible Things   Summ           0%         N/A       100%        8
 Fire Storm               Conj/Fire      0%         5d1       100%        9


Dungeon Overview and Level Annotations

Branches:
Dungeon (6/15)             Temple (1/1) D:5           Sewer (visited)

Altars:
Ashenzari
Cheibriados
Dithmenos
Elyvilon
Fedhas
Gozag
Hepliaklqana
Kikubaaqudgha
Makhleb
Nemelex Xobeh
Okawaru
Qazlal
Ru
Sif Muna
Trog
Uskayaw
Wu Jian
Xom
Yredelemnul
Zin
The Shining One

Shops:
D:5 (

Annotations:
D:3 1 runed translucent door, esper6's ghost, weakling VSDe
D:5 exclusion: downstairs
D:6 Sigmund


Innate Abilities, Weirdness & Mutations

You are very small and have problems with some larger weapons.
You are too small for most types of armour.
You have supernaturally acute eyesight. (SInv)
You cover ground extremely quickly. (Speed+++)


Message History

Your +0 short sword of venom stops dripping with poison.
You feel agile.
You sense an unholy aura.
a - the +10 mace of Jiud (weapon)
{drain, Dex+3} You sock the wight!
An adder comes into view.
A wight comes into view. It is wielding a +3 battleaxe.
The wight misses you.
The adder hisses angrily.
You hit the wight but do no damage.
The wight hits you with a +1 heavy mace!
You partially resist.
You feel drained.
A wight comes into view.
It is wielding a +1 halberd of freezing.
You sock the wight!
You destroy the wight!
The adder bites you.
Your life force feels restored.
Your +0 short sword of venom begins to drip with poison!
b - a +0 short sword of venom (weapon)
You miss the adder. The adder closely misses you.
You hit the adder. The wight misses you.
You hit the adder but do no damage. The adder bites you.
You puncture the adder!
You kill the adder!
The wight misses you.
Your Short Blades skill increases to level 9!
Your +0 short sword of venom stops dripping with poison.
You feel agile.
You sense an unholy aura.
a - the +10 mace of Jiud (weapon)
{drain, Dex+3} You start resting.
A wight is nearby!
You closely miss the wight. The wight misses you. The wight barely misses you.
You sock the wight! The wight misses you.
You hit the wight. The wight misses you.
The wight hits you from afar with a +1 halberd of freezing!
You partially resist.
You feel drained. The wight freezes you!
The wight hits you from afar with a +1 halberd of freezing!!
You die...

....."# #.# ####.##
......# #.######.#
......# #.....##.#
#####.###.#.#....#
#..##........#
##....#.#.##.#
####.....##.#
########.#
######### #@#
#..z.z..# #z#
#.#####.###z##
######.#..........#
......z#.###.######
########.....# #
####### # #


You could see 2 wights.

Vanquished Creatures
  A phantom (D:5)
  A kobold brigand (Sewer)
  Blork the orc (D:4)
  2 wights (D:6)
  3 iguanas
  An orc wizard (D:6)
  11 adders
  2 river rats
  A shadow imp (D:6)
  3 white imps
  An ufetubus (D:6)
  A worm (D:4)
  A dart slug (D:1)
  11 orcs
  11 endoplasms
  11 giant cockroaches
  7 goblins
  4 hobgoblins
  7 jackals (D:1)
  4 quokkas
  8 ball pythons
  7 bats
  4 frilled lizards
  8 kobolds
  13 rats
  A butterfly (D:5)
125 creatures vanquished.

Notes
Turn   | Place    | Note
-------+----------+-------------------------------------------
     0 | D:5      | ragingrage the Spriggan Delver began the quest for the Orb.
     0 | D:5      | Reached XP level 1. HP: 11/11 MP: 2/2
    17 | D:5      | Reached skill level 3 in Short Blades
    17 | D:5      | Reached XP level 2. HP: 16/16 MP: 3/3
   347 | D:3      | Reached skill level 4 in Short Blades
   347 | D:3      | Reached XP level 3. HP: 19/19 MP: 4/4
  1696 | D:1      | Found a runed translucent door.
  2037 | D:1      | Reached XP level 4. HP: 19/23 MP: 3/5
  2250 | D:1      | Reached skill level 5 in Short Blades
  3051 | D:3      | Found a runed translucent door.
  3054 | D:3      | Noticed esper6's ghost (weakling VSDe)
  3380 | D:4      | Reached XP level 5. HP: 21/27 MP: 4/6
  3444 | D:4      | Reached skill level 6 in Short Blades
  3483 | D:4      | Got the Vademecum on Kindling
  3706 | D:4      | Noticed Blork the orc
  3954 | D:4      | Killed Blork the orc
  4553 | D:4      | Found a blossoming altar of Fedhas.
  4555 | D:4      | Found a broken altar of Ashenzari.
  4646 | D:5      | Reached skill level 7 in Short Blades
  4646 | D:5      | Reached XP level 6. HP: 32/32 MP: 7/7
  4681 | D:5      | Identified the +10 mace of Jiud {drain, Dex+3}
  4725 | D:5      | Found a staircase to the Ecumenical Temple.
  4728 | D:5      | Found Rez Sint's Weapon Shop.
  4745 | Temple   | Entered the Ecumenical Temple
  4799 | Temple   | Became a worshipper of Hepliaklqana the Forgotten
  5313 | D:5      | Found a shimmering altar of Xom.
  5318 | D:5      | Found a burning altar of Makhleb.
  5319 | D:5      | Found a white marble altar of Elyvilon.
  5319 | D:5      | Found a bloodstained altar of Trog.
  5329 | D:5      | Found an iron altar of Okawaru.
  5330 | D:5      | Found an opulent altar of Gozag.
  5470 | D:6      | Noticed an orc warrior
  5616 | D:6      | Found a glowing drain.
  5629 | D:6      | Reached skill level 8 in Short Blades
  5792 | Sewer    | Entered a sewer
  6076 | Sewer    | Reached XP level 7. HP: 30/35 MP: 6/8
  6118 | Sewer    | Found a white marble altar of Elyvilon.
  6543 | D:6      | Noticed Sigmund
  6727 | D:6      | Reached skill level 9 in Short Blades
  6770 | D:6      | Slain by a wight

Illustrated notes

Levels and vault maps discovered:
D:1:      dpeg_arrival_caged_fury, layout_loops_ring, minmay_tromino_v4_a
D:2:      layout_basic, grunt_ministairs_4, hangedman_abyss_or_decor_stabs,
          serial_park_tiny_2
D:3:      layout_loops_ring, ebering_ghost_sewer_d, dk_vineyard_3
D:4:      layout_basic, mainiacjoe_overflow_divided_tiny, minmay_door_square,
          uniq_blork_the_orc
D:5:      layout_loops_ring, minitemple, minmay_temple_entry_butterflies,
          serial_shops, shop
D:6:      layout_basic, serial_glass, glass_columns_c, glass_columns_a,
          glass_columns_a, glass_columns_c, cheibrodos_sewer_entry_sluice,
          uniq_sigmund
Temple:   cyrus_circular_temple

Skill      XL: |  1  2  3  4  5  6  7 |
---------------+----------------------+-----
Short Blades   | 3 4 5 7 8 9 |  9.0
Dodging        | 3 |  3.6
Fighting       | |  2.4
Stealth        | |  7.2

Action                     |  1- 3 |  4- 6 |  7- 9 || total
---------------------------+-------+-------+-------++-------
  Melee: Short sword       |   101 |   213 |     6 ||   320
         Punch             |     1 |     2 |       ||     3
         Mace              |       |    54 |    28 ||    82
  Throw: Dart              |       |     5 |       ||     5
         Boomerang         |       |     4 |       ||     4
    Use: Scroll            |       |     1 |       ||     1
         Potion            |       |     1 |       ||     1
   Stab: Sleeping          |    14 |    20 |     1 ||    35
         Distracted        |       |     1 |     1 ||     2
         Invisible         |       |     1 |       ||     1
 Armour: Robe              |     4 |    11 |       ||    15
  Dodge: Dodged            |    47 |   169 |    45 ||   261
